 Dungeon Crawl Stone Soup version 0.17.1-2-g5865329 (webtiles) character file.

12938 Peloso the Blocker (level 11, 95/99 HPs)
             Began as a Minotaur Fighter on Jan 23, 2016.
             Was a High Priest of Okawaru.
             Starved to death
             ... on level 11 of the Dungeon.
             The game lasted 00:47:38 (14034 turns).

Peloso the Blocker (Minotaur Fighter)              Turns: 14034, Time: 00:47:39

Health: 95/99      AC: 13    Str: 23    XL:     11   Next: 69%
Magic:  11/11      EV:  5    Int:  8    God:    Okawaru [*****.]
Gold:   388        SH:  5    Dex: 14    Spells: 0 memorised, 10 levels left

rFire  . . .     SeeInvis .     G - +2 long sword
rCold  . . .     Clarity  .     B - +0 plate armour
rNeg   . . .     SustAt   +     X - +1 buckler {rPois}
rPois  +         Gourm    +     (helmet restricted)
rElec  .         Spirit   .     v - +1 cloak
rCorr  .         Warding  .     (no gloves)
rMut   .         Stasis   .     U - +0 pair of boots of the Boiling Point {Int+3}
MR     .....                    h - amulet of the gourmand
Stlth  ..........               P - ring of sustain attributes
                                r - +3 ring of dexterity

@: fainting, very heavily drained, not resistant to hostile enchantments,
extremely unstealthy
A: retaliatory headbutt, horns 2
a: Heroism, Finesse, Renounce Religion


You were on level 11 of the Dungeon.
You worshipped Okawaru.
Okawaru was extremely pleased with you.
You were fainting.

You visited 2 branches of the dungeon, and saw 12 of its levels.
You also visited: Ossuary.

You collected 960 gold pieces.
You spent 572 gold pieces at shops.

Inventory:

Hand Weapons
 a - a +1 long sword
 G - a +2 long sword (weapon)
 I - a +2 hand axe
 T - a +3 falchion
 Y - a +1 great sword
Armour
 v - a +1 cloak (worn)
 B - a +0 plate armour (worn)
 U - the +0 pair of boots of the Boiling Point (worn) {Int+3}
   (You acquired it on level 6 of the Dungeon)

   It affects your intelligence (+3).
 X - a +1 buckler of poison resistance (worn)
Jewellery
 h - an amulet of the gourmand (around neck)
 n - an uncursed amulet of resist mutation
 o - an uncursed ring of fire
 p - an uncursed ring of protection from cold
 r - a +3 ring of dexterity (left hand)
 y - an uncursed amulet of resist corrosion
 O - an uncursed ring of flight
 P - a ring of sustain attributes (right hand)
Wands
 c - a wand of polymorph (10)
 S - a wand of disintegration (17)
Scrolls
 b - a scroll of acquirement
 j - 4 scrolls of identify
 k - 2 scrolls of teleportation
 m - 3 scrolls of magic mapping
 x - 3 scrolls of recharging
 A - 2 scrolls of fog
 D - 2 scrolls of holy word
 L - a scroll of enchant armour
 M - a scroll of blinking
 N - 2 scrolls of amnesia
 V - a scroll of remove curse
Potions
 d - a potion of might
 i - 2 potions of resistance
 l - 2 potions of invisibility
 s - 3 potions of heal wounds
 w - 3 potions of haste
 z - 2 potions of curing
 F - a potion of agility
 H - 2 potions of flight
 J - 3 potions of brilliance
Books
 Z - Izick's Papyrus of Calling
   (You found it on level 10 of the Dungeon)

   Spells                             Type                      Level
   a - Summon Butterflies             Summoning                    1
   b - Summon Guardian Golem          Hexes/Summoning              3
   c - Recall                         Summoning/Translocation      3
   d - Call Canine Familiar           Summoning                    3
   e - Summon Ice Beast               Ice/Summoning                4
   f - Shadow Creatures               Summoning                    5
Comestibles
 e - 10 bread rations
 f - 3 meat rations
 g - 12 fruits
 C - 10 beef jerkies
 K - a royal jelly


   Skills:
 + Level 10.1(0.5) Fighting
 + Level 10.5(0.8) Long Blades
 + Level 10.9(1.1) Armour
 + Level 7.7(0.0) Dodging
 + Level 1.5(0.0) Stealth
 + Level 11.7(1.7) Shields
 + Level 1.6(0.0) Invocations


You had 10 spell levels left.
You didn't know any spells.

Dungeon Overview and Level Annotations

Branches:
Dungeon (11/15)            Temple (1/1) D:4            Lair (0/8) D:9
    Orc (0/4) D:10

Altars:
Cheibriados
Fedhas
Gozag
Kikubaaqudgha
Makhleb
Nemelex Xobeh
Okawaru
Qazlal
Ru
Trog
Vehumet
Zin
The Shining One

Shops:
D:5 *   D:6 ?   D:7 *   D:10 *   D:11 %


Innate Abilities, Weirdness & Mutations

You reflexively headbutt those who attack you in melee.
You have a pair of horns on your head.


Message History

You headbutt the hungry ghost.
Your plate armour prevents you from hitting the hungry ghost.
The hungry ghost is almost destroyed.
The hungry ghost hits you.
You feel slightly more hungry. The hungry ghost hits you.
You feel slightly more hungry.
You miss the hungry ghost. Your headbutt misses the hungry ghost.
The hungry ghost is almost destroyed.
The hungry ghost hits you.
You feel slightly more hungry.
You closely miss the hungry ghost. Your headbutt misses the hungry ghost.
The hungry ghost is almost destroyed.
The hungry ghost hits you.
You feel slightly more hungry. The hungry ghost hits you.
You feel slightly more hungry.
Your plate armour prevents you from hitting the hungry ghost.
Your headbutt misses the hungry ghost.
The hungry ghost is almost destroyed.
The hungry ghost hits you.
You miss the hungry ghost.
The hungry ghost is almost destroyed.
You have starved to death.
You die...

### ##### ########## #.# #...##
#......... #.# #.∩..#
#......... #.# #....#
#.....)... #.# #W...#
#.........
#.######@#.#####...(.....
#.......).........<......
#........#######.........
#........# #(........
#........# #.........
#........# #.........
#######........#######.........
#..............................
#............########.#########


You could see a hungry ghost.

Vanquished Creatures
  The ghost of CcS the Thaumaturge, a journeyman VSAE of Ashenzari (D:10)
  Sonja (D:10)
  An ugly thing (D:9)
  5 hill giants
  A two-headed ogre (D:8)
  A troll (D:10)
  A slime creature (D:8)
  2 deep elf magi
  A yak (D:10)
  2 hungry ghosts
  2 hippogriffs
  A soldier ant (D:8)
  A water moccasin (D:10)
  4 orc warriors
  3 ice beasts
  3 phantoms
  A sky beast (D:10)
  A black bear (D:6)
  10 ogres
  A wasp (D:9)
  8 centaurs
  5 giant frogs
  A gnoll sergeant (D:6)
  A water moccasin zombie (D:10)
  4 scorpions
  A water moccasin skeleton (D:4)
  17 killer bees
  20 wights
  8 crimson imps
  2 jellies
  A wasp zombie (D:9)
  3 centaur zombies
  A giant frog skeleton (D:9)
  7 hounds
  A gnoll shaman (D:8)
  6 iguanas
  4 orc wizards
  4 orc priests
  8 worker ants
  2 killer bee zombies
  3 big kobold zombies (Ossuary)
  A hound zombie (D:6)
  A hound skeleton (D:7)
  4 mummies (Ossuary)
  14 gnolls
  A worker ant zombie (D:5)
  18 adders
  3 shadow imps
  2 oozes
  An adder skeleton (D:4)
  An adder zombie (D:7)
  3 worms
  8 giant geckos
  26 orcs
  2 ball pythons
  9 bats
  10 giant cockroaches
  18 goblins
  6 hobgoblins
  5 kobolds
  A giant gecko skeleton (D:5)
  2 giant gecko zombies
  7 giant newts
  4 hobgoblin zombies (Ossuary)
  A jackal skeleton (D:6)
  8 quokkas
  A quokka zombie (D:8)
  7 rats
314 creatures vanquished.

Vanquished Creatures (others)
  An adder zombie (D:8)
1 creature vanquished.

Grand Total: 315 creatures vanquished

Notes
Turn   | Place    | Note
--------------------------------------------------------------
     0 | D:1      | Peloso the Minotaur Fighter began the quest for the Orb.
     0 | D:1      | Reached XP level 1. HP: 19/19 MP: 0/0
    78 | D:1      | Reached XP level 2. HP: 24/27 MP: 1/1
   196 | D:1      | Reached skill level 4 in Shields
   554 | D:1      | Reached skill level 1 in Dodging
   554 | D:1      | Reached XP level 3. HP: 33/33 MP: 2/2
   943 | D:2      | Found an opulent altar of Gozag.
  1117 | D:2      | Reached XP level 4. HP: 30/40 MP: 3/3
  1502 | D:3      | Found a sparkling altar of Nemelex Xobeh.
  1715 | D:3      | Found a faded altar to an unknown god.
  1878 | D:3      | Noticed a centaur
  1883 | D:3      | Killed a centaur
  1883 | D:3      | Reached skill level 5 in Shields
  1883 | D:3      | Reached XP level 5. HP: 42/47 MP: 4/4
  2216 | D:4      | Noticed an ogre
  2220 | D:4      | Killed an ogre
  2220 | D:4      | Reached XP level 6. HP: 53/53 MP: 5/5
  2482 | D:4      | Found a staircase to the Ecumenical Temple.
  2494 | Temple   | Entered the Ecumenical Temple
  2502 | Temple   | Became a worshipper of Warmaster Okawaru
  2535 | D:4      | Found a sacrificial altar of Ru.
  2769 | D:4      | Noticed an ogre
  2775 | D:4      | Killed an ogre
  2775 | D:4      | Reached skill level 5 in Armour
  3402 | D:5      | Entered Level 5 of the Dungeon
  3413 | D:5      | Found a sand-covered staircase.
  3417 | Ossuary  | Entered an ossuary
  3428 | Ossuary  | Reached XP level 7. HP: 14/60 MP: 6/6
  3432 | Ossuary  | Reached * piety under Okawaru
  3721 | Ossuary  | Reached skill level 5 in Fighting
  3870 | D:5      | Reached skill level 6 in Armour
  3973 | D:5      | Reached skill level 5 in Long Blades
  4001 | D:5      | Reached XP level 8. HP: 5/70 MP: 7/7
  4667 | D:5      | Found Veusew's General Store.
  4700 | D:6      | Reached ** piety under Okawaru
  4700 | D:6      | Reached skill level 5 in Dodging
  4700 | D:6      | Reached skill level 7 in Shields
  5418 | D:6      | Found Xioqiu Furi's Magic Scroll Boutique.
  5917 | D:7      | Reached XP level 9. HP: 78/78 MP: 8/8
  5932 | D:7      | Reached skill level 8 in Shields
  6362 | D:7      | Reached *** piety under Okawaru
  6523 | D:7      | Found Cedyischo's Assorted Antiques.
  6955 | D:8      | Reached skill level 1 in Stealth
  7157 | D:8      | Found an ancient bone altar of Kikubaaqudgha.
  7221 | D:8      | Reached skill level 9 in Shields
  7491 | D:8      | Noticed a hill giant
  8255 | D:7      | Received a gift from Okawaru
  8475 | D:8      | Reached XP level 10. HP: 30/88 MP: 9/9
  8771 | D:8      | Killed a hill giant
  8771 | D:8      | Reached **** piety under Okawaru
  8925 | D:8      | Found a blossoming altar of Fedhas.
  9411 | D:8      | Found a sparkling altar of Nemelex Xobeh.
  9633 | D:8      | Received a gift from Okawaru
  9871 | D:6      | Bought a scroll of acquirement for 572 gold pieces
  9882 | D:6      | Got a pair of warped boots
  9904 | D:6      | Identified the +0 pair of boots of the Boiling Point {Int+3} (You acquired it on level 6 of the Dungeon)
  9966 | D:9      | Found a glowing golden altar of the Shining One.
  9966 | D:9      | Found a bloodstained altar of Trog.
  9966 | D:9      | Noticed a brown ugly thing
  9982 | D:9      | Killed a brown ugly thing
  9982 | D:9      | Reached skill level 10 in Shields
 10021 | D:9      | Paralysed by a wasp for 1 turns
 10121 | D:9      | Noticed a hill giant
 10126 | D:9      | Killed a hill giant
 10392 | D:9      | Noticed a seven-headed hydra
 10407 | D:9      | Found a staircase to the Lair.
 11393 | D:10     | Entered Level 10 of the Dungeon
 11425 | D:10     | Reached ***** piety under Okawaru
 11470 | D:10     | Noticed CcS's ghost (journeyman VSAE)
 11486 | D:10     | Killed CcS's ghost
 11486 | D:10     | Reached skill level 1 in Invocations
 11486 | D:10     | Reached XP level 11. HP: 70/97 MP: 2/10
 11542 | D:10     | Reached skill level 10 in Armour
 11628 | D:10     | Noticed Sonja
 11778 | D:10     | Noticed a hill giant
 11789 | D:10     | Killed a hill giant
 11789 | D:10     | Reached skill level 10 in Long Blades
 11789 | D:10     | Reached skill level 11 in Shields
 11874 | D:10     | Received a gift from Okawaru
 11965 | D:10     | Found a staircase to the Orcish Mines.
 12339 | D:10     | Identified Izick's Papyrus of Calling
 12345 | D:10     | Noticed a hill giant
 12355 | D:10     | Killed a hill giant
 12507 | D:10     | Found Lunuylos's Assorted Antiques.
 12556 | D:10     | Killed Sonja
 13215 | D:11     | Noticed a hill giant
 13224 | D:11     | Killed a hill giant
 13224 | D:11     | Reached skill level 10 in Fighting
 14013 | D:11     | Found Huakuem's Food Shop.
 14034 | D:11     | Starved to death

Action                   |  1- 3 |  4- 6 |  7- 9 | 10-12 || total
-------------------------+-------+-------+-------+-------++-------
Melee: Long sword        |    93 |   160 |   441 |   536 ||  1230
Invok: Heroism           |       |       |     1 |     3 ||     4
       Finesse           |       |       |       |     1 ||     1
Evoke: Wand              |       |       |       |     1 ||     1
  Use: Potion            |       |     1 |     5 |     1 ||     7
       Scroll            |       |       |    22 |     6 ||    28
  Eat: Chunk             |    14 |       |    29 |    34 ||    77
